 Dungeon Sprint DCSS version 0.30.0-29-ga12c61a403 (webtiles) character file.

Game seed: 10053274048779590048

7 Groucho the Magician (level 2, 0/23 HPs)
             Began as a Djinni Warper on June 24, 2023.
             Slain by an orc
             ... wielding a +0 dagger
              (2 damage)
             ... in the Dungeon (Sprint IX: "|||||||||||||||||||||||||||||").
             The game lasted 00:00:11 (34 turns).

Groucho the Magician (Djinni Warper)                  Turns: 34, Time: 00:00:11

Health: 0/23       AC:  3    Str: 10    XL:     2   Next: 10%
Gold:   0          EV: 12    Int: 14    God:
                   SH:  0    Dex: 12

rFire   + + .        a - +0 hand axe
rCold   x . .        (no shield)
rNeg    . . .        b - +0 leather armour
rPois   ∞            (no helmet)
rElec   .            (no cloak)
rCorr   .            (no gloves)
SInv    .            (boots unavailable)
Will    .....        (no amulet)
Stlth   +            (no ring)
HPRegen 0.23/turn    (no ring)
MPRegen 0.00/turn

%: no teleportation, infuse magic (-1 HP)
@: flying
A: sickness immunity, fire resistance 2, cold vulnerability 1, float, innate
caster, HP casting, extra vitality 1
a: no special abilities


You were in the Dungeon.
You visited 1 branch

Inventory:

Hand Weapons
 a - a +0 hand axe (weapon)
Missiles
 d - 7 boomerangs of dispersal (quivered)
Armour
 b - a +0 leather armour (worn)
Scrolls
 c - 2 scrolls of blinking
Potions
 e - a potion of curing
 f - a potion of heal wounds
 g - a potion of haste
 h - a potion of berserk rage


   Skills:
 + Level 2.0 Fighting
 + Level 1.5 Axes
 + Level 0.7 Throwing
 + Level 2.5 Armour
 + Level 2.6 Dodging
 + Level 3.1 Spellcasting


You knew the following spells:

 Your Spells              Type           Power      Damage    Failure   Level
a - Blink                 Tloc           22%        N/A       12%         2
b - Lesser Beckoning      Tloc           22%        N/A       12%         2
c - Vhi's Electric Charg  Tloc/Air       22%        N/A       22%         3
d - Teleport Other        Tloc           11%        N/A       22%         3
e - Manifold Assault      Tloc           11%        N/A       58%         4
Your spell library was empty.

Dungeon Overview and Level Annotations

Branches:
Dungeon (1/1)

Altars:


Innate Abilities, Weirdness & Mutations

You are immune to sickness and miasma.
You are immune to poison.
Your flesh is very heat resistant. (rF++)
You are vulnerable to cold. (rC-)
You float through the air rather than walking.
You learn spells naturally, not from books.
Your magical power is your life essence.
You have superior vitality. (+4 MHP)


Message History

The endoplasm is moderately wounded.
The endoplasm closely misses you. The endoplasm freezes you.
You are frozen.
You feel a terrible chill!
You hit the endoplasm but do no damage.
The endoplasm is moderately wounded.
The endoplasm freezes you.
You are frozen.
You feel a terrible chill!
You slash the endoplasm!
You kill the endoplasm!
Your Spellcasting skill increases to level 3!
Things that are here:
a bat corpse; a bat corpse You reach down and open the door.
A hound, a scorpion, an ogre, an orc and a dart slug come into view.
The hound barks!
The ogre shouts!
The orc shouts!
The dart slug misses you.
There is an open door here.
You barely miss the dart slug. The dart slug bites you.
You hit the dart slug.
The dart slug is moderately wounded.
The dart slug launches a dart at you. The slug dart hits you.
* * * LOW HITPOINT WARNING * * *
You hit the dart slug.
The dart slug is almost dead.
The dart slug barely misses you.
You hit the dart slug.
You kill the dart slug!
Your Armour skill increases to level 2!
You have reached level 2!
Unknown command.
You barely miss the orc. The orc barely misses you.
You hit the orc but do no damage. The orc closely misses you.
You hit the orc.
The orc is lightly wounded.
The orc hits you with a +0 dagger.
* * * LOW HITPOINT WARNING * * *
The orc hits you with a +0 dagger.
You die... ▓▓▓▓▓▓▓▓▓▓▓▓▓▓▓▓▓▓ +.hsOo@....†'...<▓ ▓▓▓▓▓▓▓▓▓▓▓▓▓▓▓▓▓▓

You could see an ogre, a scorpion, a hound and an orc.

Vanquished Creatures
  A dart slug (D)
  An endoplasm (D)
  2 ball pythons (D)
  2 bats (D)
6 creatures vanquished.

Notes
Turn   | Place    | Note
-------+----------+-------------------------------------------
     0 | D        | Groucho the Djinni Warper began the quest for the Orb.
     0 | D        | Groucho set off with the following spells memorised: Blink,
                  | Lesser Beckoning, Vhi's Electric Charge, Teleport Other,
                  | Manifold Assault.
     0 | D        | Reached XP level 1. HP: 18/18 MP: 0/0
    21 | D        | Reached skill level 3 in Spellcasting
    26 | D        | Noticed a hound
    26 | D        | Noticed a scorpion
    26 | D        | Noticed an ogre
    32 | D        | Reached XP level 2. HP: 4/23 MP: 0/0
    34 | D        | Slain by an orc

Illustrated notes

Levels and vault maps discovered:
D:        linesprint [early_d, line_temple, items_1, d_10, items_2, lair_1,
          lair_end, items_3, orc_1, orc_end, items_4, d_15, swamp_1, shoals_1,
          snake_1, spider_1, d_20, vaults_1, items_5, swamp_end, shoals_end,
          snake_end, spider_end, vaults_end, d_27, items_6, zot_1, zot_end,
          crypt_end, forest_end, elf_end, slime_end, tomb_end, abyss_end,
          pan_hell_end]

Skill      XL: |  1 |
---------------+----+-----
Spellcasting   | 3 |  3.1
Armour         | 2 |  2.5
Fighting       | |  2.0
Axes           | |  1.5
Throwing       | |  0.7
Dodging        | |  2.6

Action                     || total
---------------------------++-------
  Melee: Hand axe          ||    23
 Armour: Leather armour    ||     5
  Dodge: Dodged            ||    19
